Map: Overgrown Facility

Players

Yata

  • Race: Zerg Zerg
  • League: Silver
  • Spawn Location: 1:00

Myhome

  • Race: Terran Terran
  • League: Diamond
  • Spawn Location: 3:00

Doorknob

  • Race: Zerg Zerg
  • League: Platinum
  • Spawn Location: 9:00

DaMuslimII

  • Race: Terran Terran
  • League: Platinum
  • Spawn Location: 7:00

VOD

Have the link to the VOD?

Description

Time

  • Played on: Aug. 27, 2017, 10:16 p.m.
  • Length: 10:47
Show
View Real Time Build Order
Export as new Build Order

Yata Zerg 

Build Orders: Pool First 

Get SALT Encoding   

  12  0:01  Drone  
  13  0:13  Overlord  
  13  0:18  Drone  
  14  0:31  Drone x2  
  14  0:35  Drone  
  17  0:52  Spawning Pool  
  17  0:54  Drone  
  17  1:01  Drone  
  18  1:08  Extractor  
  18  1:10  Drone  
  18  1:17  Drone  
  19  1:29  Overlord  
  19  1:45  Queen  
  21  1:50  Zergling x4  
  23  2:09  Metabolic Boost  
  23  2:11  Hatchery  
  23  2:12  Zergling x4  
  24  2:25  Zergling x2  
  25  2:36  Overlord  
  25  2:51  Overlord  
  25  2:55  Zergling x6  
  28  3:14  Baneling Nest  
  28  3:17  Zergling x4  
  28  3:18  Queen  
  31  3:20  Overlord  
  31  3:28  Drone x2  
  31  3:29  Drone x2  
  35  3:36  Zergling x4  
  37  3:43  Queen  
  37  3:48  Drone x2  
  41  3:55  Zergling x2  
  41  3:56  Zergling x2  
  43  4:04  Zergling x2  
  40  4:19  Zergling x8  
  40  4:20  Zergling x4  
  43  4:35  Baneling x2  
  43  4:38  Lair  
  43  4:47  Baneling x5  
  43  4:52  Drone x4  
  47  4:53  Drone x4  
  51  5:06  Zergling x2  
  52  5:22  Overlord x4  
  52  5:45  Zergling x8  
  52  5:46  Zergling x10  
  61  6:04  Drone  
  61  6:05  Drone  
  63  6:13  Queen  
  63  6:17  Hatchery  
  63  6:34  Zergling x2  
  63  6:35  Zergling x20  
  74  6:53  Zergling x2  
  75  6:54  Zergling x14  
  75  7:00  Overlord  
  82  7:03  Baneling x3, Queen  
  82  7:04  Baneling x5  
  82  7:05  Baneling x6  
  82  7:06  Baneling  
  83  7:18  Queen  
  78  7:37  Drone x4  
  78  7:38  Drone x5  
  77  7:54  Zergling x2  
  77  7:55  Zergling x12  
  77  7:58  Drone  
  56  8:13  Zergling x4  
  57  8:20  Drone x6  
  63  8:27  Drone x4  
  63  8:28  Queen x2  
  64  8:42  Spine Crawler  
  64  8:45  Spine Crawler  
  49  8:49  Spine Crawler x2  
  49  8:50  Spine Crawler  
  49  8:52  Spine Crawler, Zergling x6  
  49  8:53  Zergling x8  
  49  8:58  Zergling x4  
  50  9:04  Queen  
  52  9:13  Baneling  
  52  9:14  Baneling x4  
  52  9:15  Zergling x6  
  50  9:29  Zergling x12  
  49  9:38  Zergling x2  
  49  9:39  Zergling x10  
  52  9:53  Drone x3  
  52  9:54  Drone x3  
  58  10:07  Drone x3  
  58  10:08  Drone x3  
  64  10:15  Zergling x4  
  64  10:19  Zergling x2  
  64  10:20  Zergling x12  
Show
View Real Time Build Order
Export as new Build Order

Myhome Terran 

Build Orders: MMM Bio 

Get SALT Encoding   

  12  0:01  SCV  
  13  0:13  SCV  
  14  0:18  Supply Depot  
  14  0:25  SCV  
  15  0:40  SCV  
  15  0:42  Barracks  
  16  0:52  Refinery, SCV  
  17  1:04  SCV  
  18  1:16  SCV  
  19  1:29  Supply Depot, Orbital Command  
  19  1:37  Reaper  
  20  1:53  Barracks  
  20  1:57  SCV  
  21  2:09  SCV  
  21  2:12  Reaper  
  23  2:17  Command Center  
  22  2:32  Factory  
  22  2:38  SCV  
  22  2:42  Barracks Tech Lab  
  23  2:50  Refinery, Marine, SCV  
  25  3:02  SCV  
  26  3:08  Marine x2  
  28  3:15  SCV  
  29  3:27  Marine x2  
  29  3:28  Command Center  
  29  3:30  Factory Tech Lab  
  31  3:34  SCV  
  32  3:59  Marine x2  
  32  4:01  SCV  
  33  4:02  Orbital Command  
  33  4:05  Siege Tank  
  36  4:13  SCV  
  37  4:18  Marine  
  37  4:21  Barracks Reactor  
  38  4:27  Barracks  
  38  4:28  SCV  
  38  4:29  Supply Depot  
  38  4:30  SCV  
  40  4:36  Marine  
  41  4:41  Stimpack  
  41  4:48  SCV x2  
  43  4:54  Marine  
  44  5:00  SCV  
  45  5:12  Marine  
  46  5:26  Orbital Command  
  32  5:37  Marine x3  
  34  5:57  SCV x2  
  34  5:59  Marine x3  
  34  6:00  Marine  
  40  6:10  SCV  
  42  6:11  SCV  
  42  6:17  Orbital Command  
  37  6:32  SCV  
  37  6:34  Orbital Command  
  37  6:36  Marine x4  
  41  6:45  SCV x2  
  43  6:54  Marine x4  
  44  6:57  SCV  
  44  6:59  Barracks, SCV  
  44  7:00  Barracks  
  49  7:09  SCV  
  49  7:10  SCV  
  49  7:11  Marine x2, SCV  
  49  7:12  Marine x2  
  56  7:21  SCV  
  56  7:22  SCV  
  58  7:24  SCV  
  58  7:29  Marine x3  
  60  7:30  Marine  
  60  7:34  SCV  
  64  7:40  SCV x2  
  66  7:45  Combat Shields  
  66  7:47  Marine x3  
  69  8:06  Marine x3  
  69  8:09  Marine  
  69  8:10  Marine  
  66  8:15  Supply Depot  
  66  8:17  Supply Depot x2  
  66  8:18  Marine  
  66  8:19  Siege Tank  
  70  8:23  Marine  
  70  8:24  Marine x2  
  73  8:27  Marine x2  
  73  8:31  Starport  
  64  8:54  SCV x2  
Show
View Real Time Build Order
Export as new Build Order

Doorknob Zerg 

Build Orders: Pool First 

Get SALT Encoding   

  12  0:01  Drone  
  13  0:12  Overlord  
  13  0:18  Drone  
  14  0:31  Drone x2  
  14  0:35  Drone  
  17  0:49  Spawning Pool  
  16  0:51  Drone  
  16  0:56  Drone  
  18  1:07  Extractor  
  17  1:21  Hatchery  
  17  1:25  Drone x2  
  17  1:30  Drone  
  19  1:38  Queen  
  21  1:42  Zergling x2  
  22  1:52  Spine Crawler  
  21  1:56  Overlord  
  21  2:00  Drone  
  22  2:30  Zergling x4  
  22  2:33  Zergling x2  
  22  2:34  Zergling x2  
  26  2:39  Metabolic Boost  
  26  2:40  Baneling Nest  
  25  2:45  Zergling x4  
  25  2:47  Queen  
  29  2:52  Drone  
  29  2:56  Drone  
  31  2:58  Drone  
  32  3:09  Overlord  
  32  3:12  Drone x2  
  34  3:22  Overlord  
  34  3:25  Drone x2  
  36  3:28  Baneling x2  
  36  3:35  Zergling x4  
  36  3:36  Zergling x2  
  39  3:42  Zergling x4  
  40  4:27  Zergling x18  
  49  4:33  Baneling x2  
  49  4:35  Zergling x2  
  50  4:39  Zergling x2  
  51  5:00  Roach Warren  
  51  5:03  Baneling  
  50  5:13  Hatchery  
  49  5:24  Evolution Chamber  
  48  5:38  Overlord x4  
  48  5:42  Lair  
  48  5:43  Roach  
  50  5:50  Zerg Missile Weapons Level 1  
  50  5:57  Roach  
  50  5:58  Roach x7  
  66  6:05  Drone x3  
  66  6:06  Drone  
  70  6:12  Roach  
  70  6:17  Drone x2  
  74  6:30  Ravager  
  75  6:56  Extractor, Hatchery  
  73  7:03  Queen  
  75  7:16  Hydralisk Den  
  60  7:56  Roach x2  
  60  7:57  Roach x8  
  79  8:02  Roach  
  75  8:11  Roach  
  75  8:12  Roach  
  57  8:20  Zergling x2  
  57  8:21  Zergling x24  
  57  8:27  Roach  
  60  8:58  Baneling  
  60  8:59  Baneling x5  
  60  9:00  Drone x2  
  60  9:01  Drone x7  
  60  9:02  Drone  
  70  9:10  Queen  
  72  9:17  Drone  
  72  9:19  Drone  
  74  9:25  Queen  
  74  9:27  Drone  
  77  9:44  Baneling x2  
  77  9:45  Baneling x3  
  77  9:53  Drone, Queen  
  77  9:54  Drone  
  77  9:55  Drone x8  
  89  10:06  Spore Crawler  
  88  10:20  Overlord x2  
Show
View Real Time Build Order
Export as new Build Order

DaMuslimII Terran 

Build Orders:  

Get SALT Encoding   

  12  0:01  SCV  
  13  0:13  SCV  
  14  0:19  Supply Depot  
  14  0:26  SCV  
  15  0:30  Refinery  
  15  0:40  SCV  
  16  0:47  Barracks  
  16  0:56  SCV  
  17  1:08  SCV  
  18  1:20  SCV  
  18  1:23  Barracks  
  19  1:33  SCV  
  19  1:34  Supply Depot, Marine  
  21  1:49  Factory  
  21  1:52  Marine  
  22  2:07  Orbital Command  
  22  2:09  Refinery  
  22  2:17  Marine x2  
  24  2:35  Marine x2  
  26  2:43  Factory Reactor  
  26  2:51  Starport  
  26  2:56  Supply Depot  
  26  2:58  Barracks Reactor  
  26  3:05  Barracks Reactor, SCV  
  27  3:21  Supply Depot  
  27  3:23  SCV  
  28  3:34  Factory Tech Lab  
  28  3:36  Supply Depot, Medivac  
  28  3:38  Medivac  
  28  3:40  Marine  
  28  3:41  Marine x3  
  36  3:58  Marine x2  
  37  4:05  Siege Tank  
  37  4:06  Marine x2  
  42  4:16  Marine  
  43  4:24  Marine x3  
  43  4:30  Medivac  
  48  4:35  Marine  
  48  4:37  SCV  
  50  4:42  Marine  
  51  4:49  SCV  
  52  4:59  Marine  
  53  5:22  Marine  
  53  5:23  Marine  
  55  6:03  Command Center  
  55  6:43  Supply Depot  
  55  6:48  Supply Depot  
  55  6:52  Marine x3  
  55  6:53  Medivac, Siege Tank  
  63  6:54  Marine  
  63  6:57  Medivac  
  66  7:10  Marine x3  
  66  7:12  Marine  
  65  7:25  Siege Tank  
  65  7:26  Liberator  
  65  7:28  Marine x3  
  69  7:30  Marine  
  73  7:46  Marine x3  
  73  7:47  Marine  
  77  7:57  Siege Tank  
  80  8:04  Marine x3  
  80  8:05  Marine  
  83  8:12  Orbital Command  
  84  8:15  Refinery  
  84  8:19  Supply Depot  
  84  8:21  Supply Depot  
  84  8:22  Marine x3  
  84  8:23  Marine  
  88  8:27  Barracks  
  88  8:30  Barracks  
  85  8:39  Marine x3  
  83  9:02  Marine  
  80  9:03  Marine x3  
  80  9:20  Marine  
  81  9:31  Marine  
  81  9:32  Marine x4  
  81  9:38  Marine  
  85  9:56  Marine  
  85  9:57  Marine x4  
  90  10:11  Medivac  
  92  10:19  SCV  
Tags
 
Add a new tag
Caveats
  • Supply blocks, unpowered buildings, or Contaminate may cause inaccurate times.
  • Supply counts are checked every 10 seconds.